 Dungeon Crawl Stone Soup version 0.29-a0-477-g62b78b4225 (console) character file.

Game seed: 4502576212384807183

121 om the Insei (level 5, -5/40 HPs)
             Began as a Gnoll Transmuter on May 24, 2022.
             Slain by a river rat (7 damage)
             ... on level 3 of the Dungeon.
             The game lasted 00:06:23 (2406 turns).

om the Insei (Gnoll Transmuter)                     Turns: 2406, Time: 00:06:24

Health: -5/40      AC:  2    Str: 11    XL:     5   Next: 5%
Magic:  12/12      EV: 13    Int: 12    God:
Gold:   106        SH:  0    Dex: 13    Spells: 11/14 levels left

rFire   . . .      SeeInvis .   l - +1 mace (vorpal)
rCold   . . .      Faith    .   (no shield)
rNeg    . . .      Spirit   .   a - +0 robe
rPois   .          Reflect  .   (helmet currently unavailable)
rElec   .          Harm     .   (no cloak)
rCorr   .          Rampage  .   (no gloves)
Will    .....                   (boots currently unavailable)
Stlth   +.........              (no amulet)
HPRegen 0.13/turn               (no ring)
MPRegen 0.13/turn               (no ring)

@: appendages, very slow
A: horns 2, talons 2, fangs 1, strong nose, distributed training
a: End Transformation


You were on level 3 of the Dungeon.
You had temporarily grown beastly horns and talons.
You visited 1 branch of the dungeon, and saw 3 of its levels.

You collected 106 gold pieces.

Inventory:

Hand Weapons
 l - a +1 vorpal mace (weapon)
Armour
 a - a +0 robe (worn)
 h - an orb of guile
 k - a +1 scale mail of fire resistance
 n - the +5 ring mail of Boredom {rElec Slay+6}
   (You found it on level 3 of the Dungeon)

   Slay:      It affects your accuracy & damage with ranged weapons and melee
   (+6).
   rElec:     It insulates you from electricity.
 o - a +0 helmet (melded)
Magical Staves
 d - a staff of conjuration
Jewellery
 i - a +4 ring of protection
Scrolls
 j - a scroll of summoning
 q - a scroll of enchant weapon {unknown}
Potions
 b - a potion of lignification
 c - a potion of heal wounds
 e - a potion of curing {unknown}
 f - a potion of flight {unknown}
 g - a potion of brilliance {unknown}
 m - a potion of degeneration {unknown}
 p - 2 potions of invisibility {unknown}


   Skills:
 + Level 2.9 Fighting
 + Level 1.3 Short Blades
 + Level 1.3 Long Blades
 + Level 1.3 Axes
 + Level 1.3 Maces & Flails
 + Level 1.3 Polearms
 + Level 1.3 Staves
 + Level 1.3 Slings
 + Level 1.3 Bows
 + Level 1.3 Crossbows
 + Level 1.3 Throwing
 + Level 1.3 Armour
 + Level 4.7 Dodging
 + Level 1.3 Stealth
 + Level 1.3 Shields
 + Level 6.6 Unarmed Combat
 + Level 5.1 Spellcasting
 + Level 1.1 Conjurations
 + Level 1.1 Hexes
 + Level 1.1 Summonings
 + Level 1.1 Necromancy
 + Level 1.1 Translocations
 + Level 3.9 Transmutations
 + Level 1.1 Fire Magic
 + Level 1.1 Ice Magic
 + Level 1.1 Air Magic
 + Level 1.1 Earth Magic
 + Level 1.1 Poison Magic
 + Level 1.5 Invocations
 + Level 1.3 Evocations


You had 11 spell levels left.
You knew the following spells:

 Your Spells              Type           Power      Damage    Failure   Level
a - Beastly Appendage     Tmut           24%        N/A       4%          1
b - Wereblood             Tmut           12%        N/A       6%          2

Your spell library contained the following spells:

 Spells                   Type           Power      Damage    Failure   Level
 Spider Form              Tmut/Pois      9%         N/A       22%         3
 Portal Projectile        Hex/Tloc       10%        N/A       36%         3
 Tukima's Dance           Hex            5%         N/A       36%         3
 Ice Form                 Ice/Tmut       9%         N/A       56%         4
 Blade Hands              Tmut           6%         N/A       73%         5


Dungeon Overview and Level Annotations

Branches:
Dungeon (3/15)

Altars:


Innate Abilities, Weirdness & Mutations

You have temporarily grown beastly horns and talons.
You have very sharp teeth.
Your uncanny sense of smell can sniff out nearby items.
Your experience applies equally to all skills.


Message History

The giant cockroach closely misses you. The river rat misses you.
The rat closely misses you.
The giant cockroach bites you but does no damage.
Casting: Beastly Appendage (safe; 4% risk of failure)
Press: ? - help, Q - select action, (/) - cycle Dir - look around, f - activate You grow a pair of large bovine horns.
Your feet morph into talons.
Your +0 helmet melds into your body.
The rat misses you. The river rat misses you.
The giant cockroach bites you but does no damage.
The giant cockroach attacks as you move away!
The giant cockroach closely misses you.
You enter the shallow water.
Moving in this stuff is going to be slow.
The river rat misses you.
You closely miss the rat. You headbutt the rat, but do no damage.
Your bite misses the rat.
The river rat bites you but does no damage.
The worm barely misses you.
You hit the giant cockroach.
You kill the giant cockroach!
The river rat twitches its whiskers.
The river rat closely misses you. The rat closely misses you.
The worm completely misses you.
Your unstable footing causes you to fumble your attack.
The river rat closely misses you. The river rat barely misses you.
The rat bites you. x2; The river rat misses you.
The river rat closely misses you.
Your unstable footing causes you to fumble your attack.
The rat bites you. The rat bites you but does no damage.
The river rat bites you. x2
* * * LOW HITPOINT WARNING * * *
The worm bites you but does no damage. The rat closely misses you.
The rat barely misses you.
Your unstable footing causes you to fumble your attack.
The river rat closely misses you. x2; The rat splashes around in the water.
The rat bites you.
* * * LOW HITPOINT WARNING * * *
The worm bites you!
* * * LOW HITPOINT WARNING * * *
The river rat misses you. The river rat bites you!
You die...

##.# #.##
#..# ##.#
##.##
##...#####
#........#
#....wr≈.#
#.).rr@≈.#
#...≈rr≈≈#
#..≈≈+####
#.≈.≈#
#.≈≈≈#
#.≈.≈+
#####


You could see a worm, 2 river rats and 3 rats.

Vanquished Creatures
  A jelly (D:3)
  2 adders
  A worm (D:2)
  3 dart slugs
  7 orcs
  2 ball pythons (D:1)
  6 endoplasms
  A giant cockroach (D:3)
  4 goblins
  7 hobgoblins
  4 jackals (D:2)
  4 quokkas
  5 bats
  7 frilled lizards
  A kobold (D:2)
  A rat (D:3)
56 creatures vanquished.

Notes
Turn   | Place    | Note
-------+----------+-------------------------------------------
     0 | D:1      | om the Gnoll Transmuter began the quest for the Orb.
     0 | D:1      | Reached XP level 1. HP: 17/17 MP: 6/6
   194 | D:1      | Reached XP level 2. HP: 23/23 MP: 5/7
   579 | D:1      | Learned a level 2 spell: Wereblood
   769 | D:1      | Reached XP level 3. HP: 28/28 MP: 9/9
   951 | D:2      | Reached skill level 5 in Spellcasting
  1015 | D:2      | Reached skill level 1 in Invocations
  1213 | D:2      | Reached skill level 1 in Short Blades
  1213 | D:2      | Reached skill level 1 in Long Blades
  1213 | D:2      | Reached skill level 1 in Axes
  1213 | D:2      | Reached skill level 1 in Maces & Flails
  1213 | D:2      | Reached skill level 1 in Polearms
  1213 | D:2      | Reached skill level 1 in Staves
  1213 | D:2      | Reached skill level 1 in Slings
  1213 | D:2      | Reached skill level 1 in Bows
  1213 | D:2      | Reached skill level 1 in Crossbows
  1213 | D:2      | Reached skill level 1 in Throwing
  1213 | D:2      | Reached skill level 1 in Armour
  1213 | D:2      | Reached skill level 1 in Stealth
  1213 | D:2      | Reached skill level 1 in Shields
  1213 | D:2      | Reached skill level 1 in Evocations
  1399 | D:2      | Reached XP level 4. HP: 34/34 MP: 7/11
  1413 | D:2      | Found a faded altar of an unknown god.
  1618 | D:2      | Noticed a golden eye
  1624 | D:2      | Noticed a golden eye
  1627 | D:2      | Noticed a floating eye
  1627 | D:2      | Noticed a golden eye
  2088 | D:3      | Reached skill level 1 in Conjurations
  2088 | D:3      | Reached skill level 1 in Hexes
  2088 | D:3      | Reached skill level 1 in Summonings
  2088 | D:3      | Reached skill level 1 in Necromancy
  2088 | D:3      | Reached skill level 1 in Translocations
  2088 | D:3      | Reached skill level 1 in Fire Magic
  2088 | D:3      | Reached skill level 1 in Ice Magic
  2088 | D:3      | Reached skill level 1 in Air Magic
  2088 | D:3      | Reached skill level 1 in Earth Magic
  2088 | D:3      | Reached skill level 1 in Poison Magic
  2097 | D:3      | Reached XP level 5. HP: 20/40 MP: 12/12
  2295 | D:3      | Identified the +5 ring mail of Boredom {rElec Slay+6}
  2406 | D:3      | HP: 2/40 [worm (9)]
  2406 | D:3      | Slain by a river rat

Illustrated notes

Levels and vault maps discovered:
D:1:      wander_arrival_peaceful_grave, layout_loops_ring,
          chequers_serial_rivers_micro_c, st_stairs_4, nrook_loot_triangle,
          hangedman_decor_diamond_cutter
D:2:      layout_rooms, hellmonk_ecumenical_altar_watching_god
D:3:      layout_loops_ring, portal_sewer_entry_e

Skill      XL: |  1  2  3  4 |
---------------+-------------+-----
Spellcasting   | 5 |  5.1
Invocations    | 1 |  1.5
Short Blades   | 1 |  1.3
Long Blades    | 1 |  1.3
Axes           | 1 |  1.3
Maces & Flails | 1 |  1.3
Polearms       | 1 |  1.3
Staves         | 1 |  1.3
Slings         | 1 |  1.3
Bows           | 1 |  1.3
Crossbows      | 1 |  1.3
Throwing       | 1 |  1.3
Armour         | 1 |  1.3
Stealth        | 1 |  1.3
Shields        | 1 |  1.3
Evocations     | 1 |  1.3
Conjurations   | 1 |  1.1
Hexes          | 1 |  1.1
Summonings     | 1 |  1.1
Necromancy     | 1 |  1.1
Translocations | 1 |  1.1
Fire Magic     | 1 |  1.1
Ice Magic      | 1 |  1.1
Air Magic      | 1 |  1.1
Earth Magic    | 1 |  1.1
Poison Magic   | 1 |  1.1
Fighting       | |  2.9
Dodging        | |  4.7
Unarmed Combat | |  6.6
Transmutations | |  3.9

Action                   |  1- 3 |  4- 6 || total
-------------------------+-------+-------++-------
Melee: Unarmed           |    73 |    16 ||    89
       Kick              |    14 |    12 ||    26
       Headbutt          |     5 |     8 ||    13
       Bite              |     3 |     5 ||     8
       Punch             |     1 |     1 ||     2
       Mace              |       |    42 ||    42
 Cast: Beastly Appendage |    17 |     4 ||    21
       Wereblood         |     3 |       ||     3
  Use: Scroll            |     2 |     1 ||     3
       Potion            |     1 |       ||     1
 Stab: Sleeping          |     1 |     1 ||     2
Armor: Robe              |    13 |    13 ||    26
Dodge: Dodged            |    60 |    61 ||   121

Table legend: (Time is in decaauts)
 A = Elapsed time spent in this place.
 B = Non-inter-level travel time spent in this place.
 C = Inter-level travel time spent in this place.
 D = Time resting spent in this place.
 E = Time spent auto-exploring this place.
 F = Levels seen in this place.
 G = Mean time per level.
                   A        B        C        D        E       F      G
               +--------+--------+--------+--------+--------+-----+--------+
         Total |   2407 |   2300 |    107 |    355 |   1441 |   3 |  802.3 |
       Dungeon |   2407 |   2300 |    107 |    355 |   1441 |   3 |  802.3 |
               +--------+--------+--------+--------+--------+-----+--------+

Top non-repeatable levels by time:
     D:2: 950 daAuts
     D:1: 935 daAuts
     D:3: 521 daAuts
